[Event "ICC tourney 2533 (25 5)"]
[Site "Internet Chess Club"]
[Date "2021.04.24"]
[Round "4"]
[White "REYNOLDS, TYLER:K09-15100161"]
[Black "NICHOLSON, IAN:K09-15545322"]
[Result "0-1"]
[ICCResult "White resigns"]
[WhiteElo "1207"]
[BlackElo "1866"]
[Opening "Queen's pawn game"]
[ECO "D04"]
[NIC "QP.08"]
[Time "17:05:12"]
[PlyCount "94"]
[TimeControl "1500+5"]

1. d4 d5 2. Nf3 Nf6 3. e3 c6 4. Bd3 Bg4 5. Nbd2 e6 6. O-O Bd6 7. c3 Qc7 8.
Qc2 Nbd7 9. Re1 O-O 10. e4 dxe4 11. Bxe4 Nxe4 12. Rxe4 Bf5 13. h3 Nf6 14.
Nh4 Nxe4 15. Nxe4 Rae8 16. Be3 Bxe4 17. Qxe4 f5 18. Qf3 f4 19. Bd2 Be7 20.
Qg4 Bxh4 21. Qxh4 e5 22. Re1 c5 23. Qg5 cxd4 24. cxd4 Qd6 25. Rxe5 Rxe5 26.
Qxe5 Qxe5 27. dxe5 g5 28. Kh2 Re8 29. Bc3 Kf7 30. g3 fxg3+ 31. Kxg3 Kg6 32.
Kg4 h5+ 33. Kg3 Kf5 34. h4 g4 35. f4 Rd8 36. Kf2 Kxf4 37. a3 Re8 38. b4 b5
39. Bd4 a6 40. Kg2 Rd8 41. Bc3 Rd3 42. Ba1 Rd2+ 43. Kf1 Rd1+ 44. Ke2 Rxa1
45. e6 Rxa3 46. Kd2 Re3 47. e7 Rxe7 { White resigns } 0-1

[Event "ICC tourney 2533 (25 5)"]
[Site "Internet Chess Club"]
[Date "2021.04.24"]
[Round "4"]
[White "GIORGIO TESSIORE, LUCA:K09-17347744"]
[Black "HU, MERRIC:K09-14686967"]
[Result "1-0"]
[ICCResult "Black resigns"]
[WhiteElo "1914"]
[BlackElo "2275"]
[Opening "King's Indian: orthodox, Aronin-Taimanov variation (Yugoslav attack / Mar del Plata variation)"]
[ECO "E97"]
[NIC "KI.15"]
[Time "17:04:19"]
[PlyCount "111"]
[TimeControl "1500+5"]

1. d4 Nf6 2. c4 g6 3. Nc3 Bg7 4. e4 d6 5. Nf3 O-O 6. Be2 e5 7. O-O Nc6 8.
d5 Ne7 9. b3 Nh5 10. Nh4 Nf4 11. Nf3 f5 12. Bb2 h6 13. Nd2 Nxe2+ 14. Qxe2
f4 15. b4 g5 16. f3 Rf7 17. c5 Bd7 18. Nc4 Rf6 19. Ba3 Bf8 20. b5 Ng6 21.
c6 Bc8 22. cxb7 Bxb7 23. Na5 Bc8 24. Nc6 Qe8 25. Bb4 h5 26. h3 Nh4 27. Nd1
Rg6 28. Be1 Bg7 29. Bxh4 gxh4 30. Kh2 Bf6 31. Rc1 Bd7 32. a4 Qf7 33. Nf2
Kh7 34. Nd3 Qg7 35. Rf2 Rg3 36. Qf1 Rg8 37. Nxa7 Kh6 38. Nc6 Ra8 39. Ra1
Qf7 40. a5 Bxc6 41. bxc6 Rgg8 42. Nb2 Ra7 43. Nc4 Rga8 44. Rb2 Qe8 45. a6
Qe7 46. Rb7 Rxa6 47. Rxa6 Rxa6 48. Nxd6 Qxd6 49. Qxa6 Kg7 50. Rb1 Be7 51.
Qc8 Bd8 52. Rb8 Qg6 53. Qd7+ Kh6 54. Rb1 Qf6 55. Kh1 Kg6 56. Rb8 { Black
resigns } 1-0

[Event "ICC tourney 2533 (25 5)"]
[Site "Internet Chess Club"]
[Date "2021.04.24"]
[Round "4"]
[White "SUN, YICHEN:K09-30153816"]
[Black "WANG, LILIAN:K09-15607273"]
[Result "0-1"]
[ICCResult "White checkmated"]
[WhiteElo "1190"]
[BlackElo "1798"]
[Opening "Sicilian"]
[ECO "B50"]
[NIC "SI.01"]
[Time "17:06:26"]
[PlyCount "126"]
[TimeControl "1500+5"]

1. e4 c5 2. Nf3 d6 3. Bc4 e6 4. c3 Nf6 5. d3 Be7 6. Bf4 a6 7. a4 b6 8. Qb3
O-O 9. Nbd2 Bb7 10. Qd1 d5 11. exd5 exd5 12. Bb3 Re8 13. O-O Bd6 14. Bg5
Nbd7 15. Re1 Qc7 16. d4 h6 17. Bh4 Rxe1+ 18. Qxe1 Re8 19. Qf1 Ne4 20. Rd1
Bf4 21. Bg3 Nxg3 22. fxg3 Bd6 23. Re1 Rxe1 24. Qxe1 Nf6 25. Bc2 Bc8 26. Nh4
cxd4 27. Bf5 Bxf5 28. Nxf5 dxc3 29. bxc3 Be5 30. Nf3 Bxc3 31. Qe2 Qc4 32.
Qe7 Qc5+ 33. Qxc5 bxc5 34. Ne7+ Kf8 35. Nc6 Ke8 36. Kf2 d4 37. Ke2 Nd7 38.
Kd3 Nb6 39. a5 Nc8 40. Nb8 Bxa5 41. Nxa6 Bb6 42. Kc4 Nd6+ 43. Kd5 Ke7 44.
Nxc5 Nf5 45. Nxd4 Nxd4 46. Kxd4 Kd6 47. Ke4 Bxc5 48. Kf3 Ke5 49. h3 f5 50.
h4 g5 51. h5 g4+ 52. Ke2 Kf6 53. Kd3 Bf2 54. Kc4 Bxg3 55. Kd5 Kg5 56. Ke6
f4 57. Ke5 f3+ 58. Ke6 fxg2 59. Kf7 g1=Q 60. Kg7 Qa7+ 61. Kf8 Bd6+ 62. Kg8
Kf6 63. Kh8 Qg7# { White checkmated } 0-1

[Event "ICC tourney 2533 (25 5)"]
[Site "Internet Chess Club"]
[Date "2021.04.24"]
[Round "4"]
[White "LANDE SHUMAN, NATHANIEL:K09-14782020"]
[Black "DENG, LILY:K09-16640701"]
[Result "1-0"]
[ICCResult "Black checkmated"]
[WhiteElo "2133"]
[BlackElo "1844"]
[Opening "Queen's pawn, Mason variation"]
[ECO "D00"]
[NIC "QP.08"]
[Time "17:03:31"]
[PlyCount "89"]
[TimeControl "1500+5"]

1. d4 d5 2. Bf4 Nf6 3. e3 Nc6 4. c4 e6 5. Nc3 Be7 6. h3 O-O 7. Nf3 h6 8.
Rc1 Bd6 9. Ne5 Bxe5 10. dxe5 Nd7 11. cxd5 Ncxe5 12. dxe6 fxe6 13. Qh5 Rf5
14. Qd1 Rf8 15. Qc2 Nc6 16. Bb5 e5 17. Bg3 Rf6 18. Ne4 Rf8 19. O-O Ndb8 20.
Nc5 Qe7 21. Rfd1 a6 22. Ba4 b5 23. Bb3+ Kh8 24. Bd5 Nb4 25. Qe4 Nxd5 26.
Qxd5 c6 27. Qxe5 Qf7 28. Rd6 Ra7 29. Rxh6+ Kg8 30. Rh4 Bf5 31. Rf4 Re7 32.
Qd6 Qe8 33. Rd1 Nd7 34. Qxc6 Nxc5 35. Qxc5 Bg6 36. Rxf8+ Qxf8 37. Bd6 Qe8
38. Bxe7 Bf7 39. Rd8 Qxd8 40. Bxd8 Kh7 41. Qf5+ Bg6 42. Qg4 Kg8 43. Qxg6 a5
44. Bf6 b4 45. Qxg7# { Black checkmated } 1-0

[Event "ICC tourney 2533 (25 5)"]
[Site "Internet Chess Club"]
[Date "2021.04.24"]
[Round "4"]
[White "ZADAVYSVICHKO, MAKSYM:K09-17111597"]
[Black "DONHAM, WILLIAM:K09-15747455"]
[Result "0-1"]
[ICCResult "White checkmated"]
[WhiteElo "1056"]
[BlackElo "1583"]
[Opening "Giuoco Pianissimo: Italian four knights variation"]
[ECO "C50"]
[NIC "IG.02"]
[Time "17:06:37"]
[PlyCount "66"]
[TimeControl "1500+5"]

1. e4 e5 2. Nf3 Nc6 3. Bc4 Bc5 4. Nc3 Nf6 5. d3 d6 6. h3 O-O 7. Bg5 Be6 8.
Bb3 h6 9. Bh4 Nd4 10. O-O Bxb3 11. axb3 c6 12. Nxd4 Bxd4 13. Rb1 Re8 14.
Ne2 Bb6 15. Kh1 g5 16. Bg3 d5 17. f3 Nh5 18. Qd2 Nf4 19. Bxf4 exf4 20. g3
Be3 21. Qb4 a5 22. Qxb7 Qd6 23. e5 Qxe5 24. Qxc6 Rac8 25. Qxh6 Rxc2 26.
Rbe1 fxg3 27. d4 Bxd4 28. Qa6 Rxe2 29. Rxe2 Qxe2 30. Qxe2 Rxe2 31. Rf2 gxf2
32. Kh2 f1=Q+ 33. Kg3 Qg1# { White checkmated } 0-1

[Event "ICC tourney 2533 (25 5)"]
[Site "Internet Chess Club"]
[Date "2021.04.24"]
[Round "4"]
[White "ZHOU, ATHENA:K09-17305940"]
[Black "KLEIN, JACOB:K09-15995270"]
[Result "1/2-1/2"]
[ICCResult "Game drawn by mutual agreement"]
[WhiteElo "625"]
[BlackElo "1046"]
[Opening "Scotch game"]
[ECO "C45"]
[NIC "SO.04"]
[Time "17:03:41"]
[PlyCount "164"]
[TimeControl "1500+5"]

1. e4 e5 2. Nf3 Nc6 3. d4 exd4 4. Nxd4 Nxd4 5. Qxd4 Nf6 6. e5 Qe7 7. Be2
Qb4+ 8. Qxb4 Bxb4+ 9. c3 Nd5 10. cxb4 Nxb4 11. Bd2 Nc2+ 12. Kd1 Nxa1 13.
Nc3 d6 14. exd6 cxd6 15. Bb5+ Kd8 16. Ke2 Bg4+ 17. f3 a6 18. fxg4 Nc2 19.
Bd3 Nd4+ 20. Kd1 b5 21. Ne4 Kd7 22. Bc3 Ne6 23. Rf1 f6 24. Kc1 Rac8 25. Kb1
d5 26. Ng3 g6 27. Bxf6 Rhf8 28. Ne2 Ng5 29. Nc3 d4 30. Nd5 Ke6 31. Nc7+
Rxc7 32. Bxg5 Rxf1+ 33. Bxf1 Rd7 34. Kc2 Ke5 35. g3 Rf7 36. Bf4+ Ke6 37. a4
g5 38. axb5 Kd5 39. Bg2+ Kc5 40. Bxg5 Rf2+ 41. Kd3 Rxg2 42. bxa6 Kb6 43.
Kxd4 Kxa6 44. b4 Rxh2 45. Kc5 Rc2+ 46. Kd5 Kb5 47. Be7 Rc3 48. Bd6 Rc4 49.
g5 Rg4 50. Ke6 Rxg5 51. Kf6 Rg6+ 52. Ke7 Kc6 53. Be5 Kd5 54. Bf4 Rb6 55.
Bd2 Ke4 56. Kf7 Kf3 57. Be1 h5 58. Ke7 Rb5 59. Kd6 Rb6+ 60. Kd5 Ke2 61. Bc3
Kd3 62. Kc5 Rg6 63. Be5 Rg5 64. Kd6 Kc4 65. Bf4 Rg6+ 66. Ke5 Kxb4 67. Kf5
Rg4 68. Ke5 Kc3 69. Ke4 Kc4 70. Kf3 Kd3 71. Be5 Rg8 72. Kg2 Ke2 73. Kh3 Rg4
74. Bf4 Kf2 75. Be5 Rc4 76. Bf4 Rd4 77. Kh4 Rd5 78. Bc7 Kf3 79. Bf4 Ke4 80.
Bg5 Kf3 81. Bf4 Rf5 82. Bg5 Rxg5 { Game drawn by mutual agreement } 1/2-1/2

[Event "ICC tourney 2533 (25 5)"]
[Site "Internet Chess Club"]
[Date "2021.04.24"]
[Round "4"]
[White "PALUSA, MAURYA:K09-14641168"]
[Black "LUKOSE, JOYCE:K09-16437195"]
[Result "1-0"]
[ICCResult "Black checkmated"]
[WhiteElo "2089"]
[BlackElo "1298"]
[Opening "French: Tarrasch, open variation, main line"]
[ECO "C09"]
[NIC "FR.22"]
[Time "17:04:36"]
[PlyCount "107"]
[TimeControl "1500+5"]

1. e4 e6 2. d4 d5 3. Nd2 c5 4. Ngf3 Nc6 5. exd5 exd5 6. dxc5 Bxc5 7. Bd3
Nf6 8. O-O O-O 9. Nb3 Bb6 10. c3 Bg4 11. h3 Bh5 12. Be2 Re8 13. Nfd4 Nxd4
14. Nxd4 Bxe2 15. Nxe2 Qd6 16. Bf4 Qe6 17. Nd4 Qe4 18. Be3 Rad8 19. Re1 Qg6
20. Qf3 Re4 21. Nf5 Bxe3 22. Rxe3 Rde8 23. Rd1 Rxe3 24. Nxe3 Re5 25. Nxd5
Nxd5 26. Rxd5 Rxd5 27. Qxd5 Qb1+ 28. Kh2 h6 29. Qxb7 Qxa2 30. Qb4 Qe6 31.
Qb8+ Kh7 32. Qxa7 Qd6+ 33. g3 h5 34. Qxf7 Qb8 35. Qxh5+ Kg8 36. Qe2 Kh8 37.
c4 Qc8 38. b4 Qb8 39. b5 Qb6 40. Qe3 Qc7 41. c5 Qb7 42. c6 Qxb5 43. c7 Qd7
44. Qc5 Qc8 45. Qd6 Kg8 46. Qd8+ Qxd8 47. cxd8=Q+ Kh7 48. Qh4+ Kg8 49. Qh5
Kf8 50. Qg6 Kg8 51. h4 Kh8 52. h5 Kg8 53. h6 Kh8 54. Qxg7# { Black
checkmated } 1-0

[Event "ICC tourney 2533 (25 5)"]
[Site "Internet Chess Club"]
[Date "2021.04.24"]
[Round "4"]
[White "ALSANDAIR MCQUILLIN, DANIL:K09-15050406"]
[Black "ETHAN CHONG, JOSHUA:K09-15110220"]
[Result "1-0"]
[ICCResult "Black checkmated"]
[WhiteElo "1193"]
[BlackElo "1869"]
[Opening "English, Kramnik-Shirov counterattack"]
[ECO "A21"]
[NIC "EO.23"]
[Time "17:03:34"]
[PlyCount "113"]
[TimeControl "1500+5"]

1. c4 e5 2. Nc3 Bb4 3. Nd5 Bc5 4. e3 c6 5. d4 Bf8 6. Nc3 exd4 7. exd4 d5 8.
Nf3 Nf6 9. Bd3 Be7 10. O-O Bg4 11. Re1 O-O 12. cxd5 cxd5 13. h3 Bh5 14. g4
Bg6 15. Bxg6 hxg6 16. Qb3 b6 17. g5 Nh5 18. Qxd5 Qxd5 19. Nxd5 Bd6 20. Bd2
Nc6 21. Rac1 Rac8 22. a4 Rfd8 23. b4 Bf8 24. b5 Rxd5 25. Rxc6 Rcd8 26. Rc7
R5d7 27. Rxd7 Rxd7 28. Re8 Re7 29. Ra8 f6 30. Bb4 Rf7 31. Bd6 fxg5 32. Nxg5
Rf6 33. Be7 Rf5 34. Ne6 Kf7 35. Nxf8 Kxe7 36. Nxg6+ Kd6 37. Ne5 Kd5 38.
Rxa7 Kxd4 39. Nd7 Ke4 40. Nxb6 Kf3 41. Nc4 Rc5 42. Rf7+ Nf6 43. Nd2+ Ke2
44. Nf1 Rg5+ 45. Ng3+ Kf3 46. b6 Rc5 47. b7 Rc1+ 48. Nf1 Rb1 49. a5 Ke2 50.
Re7+ Kf3 51. a6 Ne4 52. Rxe4 Kxe4 53. a7 Kf3 54. b8=Q g5 55. Qxb1 g4 56.
a8=Q+ Ke2 57. Qae4# { Black checkmated } 1-0

[Event "ICC tourney 2533 (25 5)"]
[Site "Internet Chess Club"]
[Date "2021.04.24"]
[Round "4"]
[White "TAY, BRIAN:K09-15880655"]
[Black "SMITH, SILAS:K09-15797197"]
[Result "0-1"]
[ICCResult "White resigns"]
[WhiteElo "1978"]
[BlackElo "1694"]
[Opening "Sicilian defense"]
[ECO "B40"]
[NIC "SI.43"]
[Time "17:06:40"]
[PlyCount "64"]
[TimeControl "1500+5"]

1. e4 c5 2. Nf3 e6 3. d3 d5 4. Nbd2 Nc6 5. g3 Bd6 6. Bg2 Nge7 7. O-O O-O 8.
Nh4 Bd7 9. f4 b5 10. e5 Bc7 11. Kh1 Bb6 12. Ndf3 a5 13. Qe2 a4 14. g4 Qc7
15. a3 b4 16. Bh3 Qc8 17. Bd2 bxa3 18. bxa3 Rb8 19. Ne1 Nd4 20. Qf2 Nec6
21. Be3 Ba5 22. f5 Bc3 23. Ra2 exf5 24. gxf5 Nxe5 25. f6 Bxh3 26. Bf4 Ng4
27. Qg3 Rb1 28. fxg7 Re8 29. Qxh3 Nf2+ 30. Rxf2 Qxh3 31. Ng2 Rexe1+ 32.
Nxe1 Rxe1+ { White resigns } 0-1

[Event "ICC tourney 2533 (25 5)"]
[Site "Internet Chess Club"]
[Date "2021.04.24"]
[Round "4"]
[White "K STAGE, HARRISON:K09-16011274"]
[Black "SHEORAN, SAANVI:K09-17350815"]
[Result "1-0"]
[ICCResult "Black checkmated"]
[WhiteElo "1427"]
[BlackElo "730"]
[Opening "QGD: Marshall defense"]
[ECO "D06"]
[NIC "QP.08"]
[Time "17:04:37"]
[PlyCount "109"]
[TimeControl "1500+5"]

1. d4 d5 2. c4 Nf6 3. cxd5 Nxd5 4. e4 Nb6 5. Nc3 N8d7 6. Nf3 g6 7. Bc4 Bg7
8. Bb3 O-O 9. Bf4 Re8 10. O-O c5 11. Qd3 Nf6 12. Rad1 cxd4 13. Nxd4 e5 14.
Bxe5 Rxe5 15. Qg3 Nxe4 16. Nxe4 Rxe4 17. Bxf7+ Kxf7 18. Qf3+ Bf5 19. Nxf5
Qf6 20. Qxe4 gxf5 21. Qxb7+ Kg6 22. b3 h5 23. Qc7 Qg5 24. Rd3 h4 25. f4 Qh5
26. Rd6+ Bf6 27. Qe7 Nd5 28. Qe6 Qh8 29. Qxd5 Rf8 30. Re1 Re8 31. Re5 Qf8
32. Rxe8 Qxe8 33. Qe6 Qf8 34. Rd5 Qf7 35. Qxf7+ Kxf7 36. Rd7+ Ke6 37. Rh7
a5 38. Rc7 Kd6 39. Rc4 Kd5 40. Kf2 Bd4+ 41. Kf3 Bf6 42. h3 Kd6 43. g4 fxg4+
44. Kxg4 Ke6 45. f5+ Ke5 46. Rc6 a4 47. Rxf6 Kxf6 48. bxa4 Kg7 49. Kg5 Kh8
50. Kg6 Kg8 51. f6 Kh8 52. a5 Kg8 53. a6 Kh8 54. a7 Kg8 55. a8=Q# { Black
checkmated } 1-0

[Event "ICC tourney 2533 (25 5)"]
[Site "Internet Chess Club"]
[Date "2021.04.24"]
[Round "4"]
[White "CHOPRA, NIKITA:K09-30161249"]
[Black "DANIEL VON HOFF, CHRISTOPHER:K09-15127660"]
[Result "1-0"]
[ICCResult "Black checkmated"]
[WhiteElo "1015"]
[BlackElo "1529"]
[Opening "QGD: 3.Nc3"]
[ECO "D31"]
[NIC "QP.08"]
[Time "17:05:17"]
[PlyCount "105"]
[TimeControl "1500+5"]

1. d4 d5 2. c4 e6 3. Nc3 Bb4 4. Bd2 Nf6 5. Qb3 c5 6. dxc5 Bxc5 7. Qb5+ Nbd7
8. b4 Bd4 9. cxd5 Nxd5 10. Rc1 Qf6 11. Ne4 Qe5 12. Qd3 Nf4 13. Bxf4 Qxf4
14. e3 Bxe3 15. Qxe3 Qe5 16. Nf3 Qb2 17. Qd2 Qa3 18. Nd6+ Ke7 19. Nxc8+
Raxc8 20. Rxc8 Rxc8 21. Be2 Rc1+ 22. Bd1 Rc4 23. O-O Rxb4 24. g3 Rb2 25.
Qg5+ Nf6 26. Bb3 Kf8 27. Ne5 Qe7 28. Rc1 g6 29. Qh6+ Kg8 30. Rc8+ Ne8 31.
Ba4 b5 32. Bb3 Rb1+ 33. Rc1 Rb2 34. Nd3 Re2 35. Kf1 Re4 36. Re1 Nf6 37. Qg5
Rxe1+ 38. Kxe1 Qd7 39. Ne5 Qe7 40. Nc6 Qb7 41. Qxf6 Qxc6 42. Qd8+ Kg7 43.
Qd4+ Kh6 44. Qxa7 Qc1+ 45. Ke2 Qb2+ 46. Kf3 Kg7 47. Qe3 e5 48. Kg2 f5 49.
Qa7+ Kh6 50. Bg8 Kg5 51. Qe7+ Kh6 52. Qxh7+ Kg5 53. Qh4# { Black checkmated
} 1-0

[Event "ICC tourney 2533 (25 5)"]
[Site "Internet Chess Club"]
[Date "2021.04.24"]
[Round "4"]
[White "CLEM, THOMAS:K09-15706482"]
[Black "SANTOSH, AKSHAY:K09-15350106"]
[Result "1-0"]
[ICCResult "Black checkmated"]
[WhiteElo "873"]
[BlackElo "1484"]
[Opening "Petrov's defense"]
[ECO "C42"]
[NIC "RG.03"]
[Time "17:04:19"]
[PlyCount "77"]
[TimeControl "1500+5"]

1. e4 e5 2. Nf3 Nf6 3. Nxe5 Nc6 4. Nxc6 dxc6 5. Nc3 Bc5 6. Qe2 O-O 7. g3
Ng4 8. Nd1 Re8 9. h3 Nf6 10. d3 Qd6 11. Be3 Bb4+ 12. c3 Ba5 13. f4 Nd7 14.
Bg2 Nc5 15. Nf2 Na4 16. O-O Bb6 17. d4 Bd7 18. e5 Qe7 19. Qc4 c5 20. b3
cxd4 21. cxd4 Nb2 22. Qe2 Qa3 23. Rfb1 Ba5 24. Rxb2 Bc3 25. Rab1 Bxb2 26.
Rxb2 Bb5 27. Qc2 c6 28. Kh2 Rad8 29. Ne4 f5 30. exf6 Bd3 31. Qxd3 Qxb2 32.
Ng5 g6 33. Qc4+ Rd5 34. f7+ Kf8 35. fxe8=Q+ Kxe8 36. Nxh7 Rd7 37. Qg8+ Ke7
38. Qf8+ Ke6 39. Ng5# { Black checkmated } 1-0

[Event "ICC tourney 2533 (25 5)"]
[Site "Internet Chess Club"]
[Date "2021.04.24"]
[Round "4"]
[White "KHANNA, SAVIR:K09-15724048"]
[Black "MIYASAKA, JULIA:K09-14751032"]
[Result "1-0"]
[ICCResult "Black checkmated"]
[WhiteElo "1160"]
[BlackElo "1746"]
[Opening "Vienna game"]
[ECO "C25"]
[NIC "VG.04"]
[Time "17:04:19"]
[PlyCount "125"]
[TimeControl "1500+5"]

1. e4 e5 2. Nc3 Bc5 3. Bc4 d6 4. d3 Nc6 5. f4 exf4 6. Bxf4 Nf6 7. h3 a6 8.
a3 Nd4 9. Nge2 Be6 10. Nxd4 Bxd4 11. Qd2 Bxc4 12. dxc4 Be5 13. Bxe5 dxe5
14. O-O-O Qxd2+ 15. Rxd2 Rd8 16. Rhd1 Ke7 17. Nd5+ Nxd5 18. cxd5 Rd6 19.
Rf2 Rg6 20. Rd3 Rd8 21. Rb3 b6 22. Rc3 Rc8 23. Kd2 c6 24. g4 Rd8 25. Rf5
Re6 26. Rd3 cxd5 27. exd5 g6 28. dxe6 Rxd3+ 29. Kxd3 gxf5 30. gxf5 fxe6 31.
fxe6 Kxe6 32. Ke4 h6 33. h4 h5 34. c4 Kd6 35. b4 a5 36. Kf5 a4 37. Kg5 Ke6
38. Kxh5 Kf5 39. c5 bxc5 40. bxc5 e4 41. c6 Ke6 42. Kg4 e3 43. Kf3 Kd6 44.
h5 Kxc6 45. h6 Kd5 46. Kxe3 Ke6 47. h7 Kd5 48. h8=Q Kc4 49. Qb2 Kd5 50.
Qb5+ Ke6 51. Qxa4 Ke5 52. Qc6 Kf5 53. a4 Ke5 54. a5 Kf5 55. a6 Ke5 56. a7
Kf5 57. a8=Q Ke5 58. Qb8+ Kf5 59. Qd7+ Kf6 60. Qbd8+ Kg6 61. Qe6+ Kg7 62.
Qdf6+ Kh7 63. Qef7# { Black checkmated } 1-0

[Event "ICC tourney 2533 (25 5)"]
[Site "Internet Chess Club"]
[Date "2021.04.24"]
[Round "4"]
[White "XAVIER VIJAYRAM, AVNITH:K09-15728701"]
[Black "CUI, SUNNY:K09-15586563"]
[Result "1-0"]
[ICCResult "Black resigns"]
[WhiteElo "1767"]
[BlackElo "1226"]
[Opening "QGD semi-Slav: 5.e3"]
[ECO "D45"]
[NIC "SL.08"]
[Time "17:04:16"]
[PlyCount "69"]
[TimeControl "1500+5"]

1. d4 d5 2. c4 c6 3. Nc3 Nf6 4. e3 e6 5. Nf3 Bb4 6. Bd2 Nbd7 7. Rc1 O-O 8.
Bd3 c5 9. cxd5 exd5 10. O-O cxd4 11. Nxd4 Ne5 12. Be2 Ba5 13. Ncb5 Bxd2 14.
Qxd2 Bd7 15. Nc3 Nc6 16. Bf3 Nxd4 17. Qxd4 Bc6 18. b4 Qd7 19. Rfd1 Rfd8 20.
Qf4 Qe8 21. Rd4 Rac8 22. Rcd1 Ba4 23. Nxa4 Qxa4 24. e4 Qxa2 25. e5 Ne8 26.
Bxd5 Rxd5 27. Rxd5 Rc7 28. Qd2 Qa4 29. h3 Rc2 30. Qf4 Rb2 31. Rd8 h6 32. e6
fxe6 33. R8d7 Rb1 34. Qf7+ Kh7 35. Rxb1 { Black resigns } 1-0

[Event "ICC tourney 2533 (25 5)"]
[Site "Internet Chess Club"]
[Date "2021.04.24"]
[Round "4"]
[White "MAHESHWARI, JAYANT:K09-14966376"]
[Black "GHODAKE, SPARSH:K09-16884947"]
[Result "1-0"]
[ICCResult "Black checkmated"]
[WhiteElo "2059"]
[BlackElo "1242"]
[Opening "Caro-Kann: advance variation"]
[ECO "B12"]
[NIC "CK.04"]
[Time "17:06:39"]
[PlyCount "53"]
[TimeControl "1500+5"]

1. e4 c6 2. d4 d5 3. e5 Bf5 4. Nf3 e6 5. Be2 Nd7 6. O-O c5 7. Be3 cxd4 8.
Nxd4 Ne7 9. c4 dxc4 10. Na3 h6 11. Nxc4 Nc6 12. Nxf5 exf5 13. Qc2 Qc7 14.
Qxf5 Ndxe5 15. Bf4 Bd6 16. Nxd6+ Qxd6 17. Bb5 Qd7 18. Bxc6 bxc6 19. Qxe5+
Qe6 20. Qxg7 O-O-O 21. Qc3 Rdg8 22. Rac1 Kb7 23. Rfe1 Qg6 24. Bg3 h5 25.
Re7+ Ka8 26. Qa3 Qg5 27. Qxa7# { Black checkmated } 1-0

[Event "ICC tourney 2533 (25 5)"]
[Site "Internet Chess Club"]
[Date "2021.04.24"]
[Round "4"]
[White "LWIN MOE, KENNY:K09-16875861"]
[Black "SRIADITYA KUNAPULI, SIDDARTH:K09-16368693"]
[Result "1-0"]
[ICCResult "Black resigns"]
[WhiteElo "823"]
[BlackElo "1533"]
[Opening "Sicilian defense"]
[ECO "B30"]
[NIC "SI.31"]
[Time "17:05:17"]
[PlyCount "81"]
[TimeControl "1500+5"]

1. e4 c5 2. Nf3 Nc6 3. Bc4 Nf6 4. Nc3 e6 5. d3 d5 6. exd5 exd5 7. Bb3 Be7
8. Bg5 Be6 9. O-O a6 10. a3 O-O 11. Re1 b5 12. Ba2 h6 13. Bh4 c4 14. Qe2
Re8 15. Rad1 Bg4 16. h3 Nd4 17. Qe5 Bxf3 18. Bxf6 Bxd1 19. Bxe7 Nc6 20.
Bxd8 Rxe5 21. Rxd1 Rxd8 22. dxc4 bxc4 23. f4 Re7 24. Nxd5 Re2 25. Bxc4 Rxc2
26. Bxa6 Rxb2 27. a4 Rdb8 28. Bb5 Nb4 29. Ne7+ Kh7 30. Rd4 Nc2 31. Rd2 Rb1+
32. Kh2 Re1 33. Nc6 Rxb5 34. axb5 Ne3 35. Rb2 Nf1+ 36. Kg1 Nd2+ 37. Kf2
Rf1+ 38. Ke2 Nc4 39. Kxf1 Nxb2 40. b6 Nc4 41. b7 { Black resigns } 1-0

[Event "ICC tourney 2533 (25 5)"]
[Site "Internet Chess Club"]
[Date "2021.04.24"]
[Round "4"]
[White "BALU, JAYANTH:K09-15760188"]
[Black "MADIRAJU, RISHI:K09-16477316"]
[Result "1/2-1/2"]
[ICCResult "Game drawn by mutual agreement"]
[WhiteElo "940"]
[BlackElo "1496"]
[Opening "English opening"]
[ECO "A22"]
[NIC "EO.09"]
[Time "17:04:57"]
[PlyCount "83"]
[TimeControl "1500+5"]

1. c4 e5 2. Nc3 Nf6 3. Nf3 e4 4. Ng5 c6 5. Ngxe4 Nxe4 6. Nxe4 d5 7. cxd5
cxd5 8. Nc3 d4 9. Ne4 Bf5 10. d3 Nc6 11. Bd2 Bb4 12. Bxb4 Nxb4 13. g3 Qa5
14. Nd2 O-O 15. a3 Qd5 16. Rg1 Nc6 17. Bg2 Qe6 18. Nb3 Ne5 19. Nxd4 Qf6 20.
Nxf5 Qxf5 21. Bxb7 Rad8 22. Kf1 Ng4 23. Bf3 Nxh2+ 24. Kg2 Nxf3 25. exf3
Rxd3 26. Qe2 Rfd8 27. Rad1 Rxd1 28. Rxd1 Rb8 29. Qe3 a6 30. Qa7 Qb5 31. Rd5
Qb3 32. Qd4 h6 33. Rd8+ Rxd8 34. Qxd8+ Kh7 35. Qd2 Kg6 36. Qc3 Qxc3 37.
bxc3 Kf5 38. Kf1 Ke5 39. Ke2 Kd5 40. Kd3 f5 41. a4 g5 42. g4 { Game drawn
by mutual agreement } 1/2-1/2

[Event "ICC tourney 2533 (25 5)"]
[Site "Internet Chess Club"]
[Date "2021.04.24"]
[Round "4"]
[White "KAUR, ARADH:K09-15085398"]
[Black "KALE, SHUBHAM:K09-15358846"]
[Result "0-1"]
[ICCResult "White checkmated"]
[WhiteElo "1706"]
[BlackElo "1157"]
[Opening "Robatsch defense: two knights variation"]
[ECO "B06"]
[NIC "KF.05"]
[Time "17:03:50"]
[PlyCount "152"]
[TimeControl "1500+5"]

1. e4 g6 2. d4 Bg7 3. Nf3 d6 4. Nc3 Nd7 5. Bc4 a6 6. Ng5 e6 7. Qf3 Ngf6 8.
Bxe6 fxe6 9. Nxe6 Qe7 10. Nxc7+ Kd8 11. Nxa8 b5 12. e5 dxe5 13. O-O exd4
14. Nd5 Bb7 15. Nxe7 Bxf3 16. gxf3 Kxe7 17. Nc7 Nc5 18. b4 Rc8 19. Bf4 Nh5
20. Bg5+ Kd7 21. bxc5 Rxc7 22. Rfe1 Rxc5 23. Bh4 g5 24. Bg3 Rxc2 25. Be5 d3
26. Bxg7 Nxg7 27. Rad1 d2 28. Re2 Rxa2 29. Rexd2+ Rxd2 30. Rxd2+ Kc6 31.
Ra2 Kb6 32. Re2 b4 33. Re5 a5 34. Kf1 a4 35. Ke2 a3 36. Kd2 a2 37. Re1 Kb5
38. Kc2 Ka4 39. Kb2 b3 40. Re4+ Kb5 41. Re5+ Kb4 42. Rxg5 Ne6 43. Rg4+ Kb5
44. f4 Nc5 45. Rg5 Kb4 46. Rxc5 Kxc5 47. f5 Kd5 48. f4 Kd6 49. h3 Ke7 50.
h4 Kf6 51. h5 Kxf5 52. h6 Kxf4 53. Ka1 Kg5 54. Kb2 Kxh6 55. Ka1 Kg5 56. Kb2
a1=Q+ 57. Kxa1 h5 58. Kb2 h4 59. Kxb3 h3 60. Kc3 h2 61. Kb3 h1=Q 62. Kc4
Qc6+ 63. Kd4 Qe6 64. Kc5 Qd7 65. Kc4 Qd6 66. Kc3 Qd5 67. Kb4 Qc6 68. Kb3
Qc5 69. Kb2 Qc4 70. Ka3 Qb5 71. Ka2 Qb4 72. Ka1 Kf4 73. Ka2 Ke3 74. Ka1 Kd3
75. Ka2 Kc2 76. Ka1 Qb2# { White checkmated } 0-1

[Event "ICC tourney 2533 (25 5)"]
[Site "Internet Chess Club"]
[Date "2021.04.24"]
[Round "4"]
[White "DAS, SHREYAS:K09-15671703"]
[Black "HAN, JOHNNY:K09-15484292"]
[Result "0-1"]
[ICCResult "White checkmated"]
[WhiteElo "1010"]
[BlackElo "1522"]
[Opening "Queen's pawn, Mason variation"]
[ECO "D00"]
[NIC "QP.08"]
[Time "17:05:58"]
[PlyCount "190"]
[TimeControl "1500+5"]

1. d4 d5 2. Bf4 Bf5 3. e3 e6 4. c3 Nf6 5. Bd3 Bg6 6. Nf3 Bd6 7. Bg3 Bxg3 8.
fxg3 Nbd7 9. Bxg6 hxg6 10. Nbd2 Qe7 11. Qb3 Nb6 12. Ne5 Nfd7 13. Nxd7 Qxd7
14. O-O-O O-O-O 15. e4 dxe4 16. Nxe4 Qc6 17. Ng5 Rdf8 18. Qc2 Nd5 19. Rde1
a6 20. h4 Qd6 21. Nxe6 fxe6 22. Qxg6 Rf6 23. Qxg7 Rhf8 24. g4 Qd7 25. Qg5
Qf7 26. h5 Rg8 27. Qh4 Rf4 28. h6 Rfxg4 29. Qxg4 Rxg4 30. h7 Qf4+ 31. Kb1
Rh4 32. h8=Q+ Rxh8 33. Rxh8+ Kd7 34. Rh7+ Kc6 35. Rxe6+ Kb5 36. Re5 Qf1+
37. Kc2 Qxg2+ 38. Kb3 Kb6 39. Rhh5 Nf4 40. Rhg5 Qc6 41. Rc5 Qe6+ 42. Ka3
Qe7 43. Re5 Qd6 44. Kb3 Nd3 45. Rcd5 Qf8 46. Rf5 Qg8 47. Kc2 Ne1+ 48. Kd1
c6 49. Rde5 Nd3 50. Re2 Qg1+ 51. Kd2 Nxb2 52. Re1 Nc4+ 53. Kd1 Qg4+ 54. Re2
Qxf5 55. Ke1 Qb1+ 56. Kf2 Qb5 57. Ke1 Qg5 58. Rf2 Qg1+ 59. Rf1 Qg3+ 60. Rf2
Qxc3+ 61. Kf1 Ne3+ 62. Ke2 Ng4 63. Rf3 Qc2+ 64. Ke1 Qc1+ 65. Ke2 Qb2+ 66.
Kd3 Qa3+ 67. Ke4 Qxa2 68. Kf4 Qd5 69. Kxg4 Qxf3+ 70. Kxf3 a5 71. Ke3 a4 72.
Kd3 Kb5 73. Kc3 a3 74. Kb3 a2 75. Kxa2 Kc4 76. Kb2 Kxd4 77. Kb3 b5 78. Kb4
Kd3 79. Kc5 Kc3 80. Kxc6 b4 81. Kb5 b3 82. Kc5 b2 83. Kd6 b1=Q 84. Ke5 Qe1+
85. Kf4 Kd3 86. Kg5 Qf1 87. Kg6 Ke4 88. Kg7 Ke5 89. Kg8 Ke6 90. Kg7 Qf7+
91. Kh8 Qf2 92. Kg8 Ke7 93. Kh8 Qg2 94. Kh7 Kf6 95. Kh8 Qg7# { White
checkmated } 0-1